 Dungeon Crawl Stone Soup version 0.31-a0-940-gdaa99269f9 (webtiles) character file.

Game seed: 16020377024491374703

225 Dirtsage the Chopper (level 5, 11/41 HPs)
             Began as a Demonspawn Fighter on Oct 20, 2023.
             Quit the game on level 2 of the Dungeon.
             The game lasted 00:01:37 (962 turns).

Dirtsage the Chopper (Demonspawn Fighter)            Turns: 962, Time: 00:01:38

Health: 11/41      AC:  6    Str: 18    XL:     5   Next: 68%
Magic:  5/5        EV:  9    Int: 10    God:
Gold:   120        SH:  0    Dex: 12    Spells: 4/4 levels left

rFire   . . .        a - +0 war axe
rCold   . . .        (no shield)
rNeg    . . .        b - +0 scale mail
rPois   .            (no helmet)
rElec   .            (no cloak)
rCorr   .            (no gloves)
SInv    .            (no boots)
Will    .....        (no amulet) Stlth
                     (no ring)
HPRegen 0.26/turn    (no ring)
MPRegen 0.09/turn

%: no passive effects
@: no status effects
A: spiny 1, demonic magic 1, demonic touch 2
a: no special abilities


You were on level 2 of the Dungeon.
You visited 1 branch of the dungeon, and saw 2 of its levels.

You collected 120 gold pieces.

Inventory:

Hand Weapons
 a - a +0 war axe (weapon)
Armour
 b - a +0 scale mail (worn)
 c - a +0 buckler
Scrolls
 e - 2 scrolls of identify {unknown}
 g - a scroll of amnesia {unknown}
 j - a scroll of teleportation {unknown}
 l - 3 scrolls of fear {unknown}
 n - a scroll of enchant weapon {unknown}
Potions
 d - a potion of might
 f - 3 potions of heal wounds {unknown}
 h - a potion of resistance {unknown}
 i - a potion of degeneration {unknown}
 k - a potion of lignification {unknown}
 m - a potion of attraction {unknown}


   Skills:
 - Level 3.0 Fighting
 + Level 5.5 Axes
 - Level 2.6 Armour
 - Level 2.6 Shields


You had 4 spell levels left.
You didn't know any spells.
Your spell library was empty.

Dungeon Overview and Level Annotations

Branches:
Dungeon (2/15)

Altars:


Innate Abilities, Weirdness & Mutations

You are partially covered in sharp spines.
Spells you cast may paralyse adjacent enemies.
Your touch may inflict irresistible damage on your foes.


Message History

You closely miss Sigmund.
Sigmund is lightly wounded.
Sigmund misses you.
You barely miss Sigmund.
Sigmund is lightly wounded.
Sigmund closely misses you.
You slash Sigmund!
Sigmund is severely wounded.
Sigmund closely misses you.
You barely miss Sigmund.
Sigmund is severely wounded.
Sigmund gestures at you while chanting. You resist with significant effort.
You hit Sigmund but do no damage.
Sigmund is severely wounded.
Sigmund hits you with a +0 scythe.
You take 5 damage, and have 19/29 hp.
You barely miss Sigmund.
Sigmund is severely wounded.
Sigmund says, "Don't worry, I'll kill you fast."
Sigmund gestures at you while chanting. The puff of flame hits you!
You take 6 damage, and have 13/29 hp.
MASSIVE DAMAGE!!
You closely miss Sigmund.
You touch Sigmund!
Sigmund is almost dead.
Sigmund hits you with a +0 scythe.
* * * LOW HITPOINT WARNING * * *
You take 6 damage, and have 7/29 hp.
MASSIVE DAMAGE!!
You hit Sigmund.
You kill Sigmund!
Your Axes skill gained 2 levels and is now at level 5!
You have reached level 4!
You feel clever.
Your demonic ancestry asserts itself...
Sharp spines emerge from parts of your body.
You have reached level 5!
Your demonic ancestry asserts itself...
A menacing aura infuses your magic.
You regained 4 hp, and now have 11/41 hp.
MP restored: 5 Are you sure you want to abandon this character and quit the game? (Confirm with "yes".)

.# #.# ..# ..# ..#
..#
#################).#
.............)..@>.#
..<######.#####....#
#### #.#.## # #.#...
#.#####.#.###
#....##.#.#
############.##.#.#
............)##.#.#
.#########......#.#


There were no monsters in sight!

Vanquished Creatures
  Sigmund (D:2)
  2 adders (D:2)
  2 dart slugs
  7 endoplasms
  2 giant cockroaches
  3 goblins
  5 hobgoblins
  3 jackals (D:1)
  2 ball pythons
  3 bats
  7 frilled lizards
  3 kobolds
  5 rats
45 creatures vanquished.

Notes
Turn   | Place    | Note
-------+----------+-------------------------------------------
     0 | D:1      | Dirtsage the Demonspawn Fighter began the quest for the
                  | Orb.
     0 | D:1      | Reached XP level 1. HP: 18/18 MP: 1/1
    46 | D:1      | Reached skill level 2 in Axes
   124 | D:1      | Gained mutation: Your touch may inflict minor irresistible
                  | damage on your foes. [demonic ancestry]
   124 | D:1      | Reached XP level 2. HP: 19/24 MP: 2/2
   232 | D:1      | Reached skill level 3 in Axes
   318 | D:1      | Found a faded altar of an unknown god.
   568 | D:2      | Gained mutation: Your touch may inflict irresistible damage
                  | on your foes. [demonic ancestry]
   568 | D:2      | Reached XP level 3. HP: 27/29 MP: 3/3
   945 | D:2      | Noticed Sigmund
   961 | D:2      | Killed Sigmund
   962 | D:2      | Reached skill level 5 in Axes
   962 | D:2      | Gained mutation: You are partially covered in sharp spines.
                  | [demonic ancestry]
   962 | D:2      | Reached XP level 4. HP: 9/35 MP: 4/4
   962 | D:2      | Gained mutation: Spells you cast may paralyse adjacent
                  | enemies. [demonic ancestry]
   962 | D:2      | Reached XP level 5. HP: 11/41 MP: 5/5
   962 | D:2      | Quit the game

Illustrated notes

Levels and vault maps discovered:
D:1:      dpeg_arrival_round_b, layout_rooms, shapermc_ecumenical_altar_gd
D:2:      layout_basic, minmay_nonomino_d4, uniq_sigmund

Skill      XL: |  1  2  3 |
---------------+----------+-----
Axes           | 2 3 5 |  5.5
Fighting       | |  3.0
Armour         | |  2.6
Shields        | |  2.6

Action                     |  1- 3 |  4- 6 || total
---------------------------+-------+-------++-------
  Melee: War axe           |    92 |       ||    92
         Touch             |     8 |       ||     8
 Armour: Scale mail        |    88 |       ||    88
  Dodge: Dodged            |    55 |       ||    55
  Block: Buckler           |     7 |       ||     7

Table legend: (Time is in decaauts)
 A = Elapsed time spent in this place.
 B = Non-inter-level travel time spent in this place.
 C = Inter-level travel time spent in this place.
 D = Time resting spent in this place.
 E = Time spent auto-exploring this place.
 F = Levels seen in this place.
 G = Mean time per level.
                   A        B        C        D        E       F      G
               +--------+--------+--------+--------+--------+-----+--------+
         Total |    994 |    961 |     33 |      0 |    726 |   2 |  497.0 |
       Dungeon |    994 |    961 |     33 |      0 |    726 |   2 |  497.0 |
               +--------+--------+--------+--------+--------+-----+--------+

Top non-repeatable levels by time:
     D:1: 542 daAuts
     D:2: 452 daAuts
